 Dungeon Crawl Stone Soup version 0.29.1-1-gd02db6906a (webtiles) character file.

Game seed: 9750765891758519073

56 Earthwalker the Shield-Bearer (level 3, -2/36 HPs)
             Began as a Troll Fighter on Oct 4, 2022.
             Slain by Pargi (8 damage)
             ... on level 3 of the Dungeon.
             The game lasted 00:09:08 (1817 turns).

Earthwalker the Shield-Bearer (Troll Fighter)       Turns: 1817, Time: 00:09:09

Health: -2/36      AC:  4    Str: 24    XL:     3   Next: 69%
Magic:  2/2        EV:  9    Int: 10    God:
Gold:   104        SH:  7    Dex: 11    Spells: 2/2 levels left

rFire   . . .      SeeInvis .   a - +0 flail
rCold   . . .      Faith    .   c - +0 kite shield
rNeg    . . .      Spirit   .   b - +0 robe
rPois   .          Reflect  .   (helmet restricted)
rElec   .          Harm     .   (no cloak)
rCorr   .          Rampage  .   (gloves unavailable)
Will    .....                   (boots unavailable)
Stlth   +.........              (no amulet)
HPRegen 0.92/turn               e - +6 ring of intelligence
MPRegen 0.08/turn               (no ring)

@: mighty
A: large, unfitting armour, claws 3, regeneration 1, shaggy fur 1, tough skin 1
a: no special abilities


You were on level 3 of the Dungeon.
You visited 1 branch of the dungeon, and saw 3 of its levels.
You also visited: Sewer.

You collected 104 gold pieces.

Inventory:

Hand Weapons
 a - a +0 flail (weapon)
Missiles
 f - 6 boomerangs (quivered)
Armour
 b - a +0 robe (worn)
 c - a +0 kite shield (worn)
Jewellery
 e - a +6 ring of intelligence (left claw)
Scrolls
 g - a scroll of teleportation {unknown}
 h - a scroll of fear {unknown}
 i - 3 scrolls of torment
 j - 2 scrolls of fog {unknown}
 k - a scroll of blinking {unknown}
 l - a scroll of enchant weapon {unknown}
 n - a scroll of enchant armour {unknown}
 p - a scroll of summoning {unknown}
Potions
 d - a potion of might
 m - a potion of lignification {unknown}
 o - a potion of heal wounds {unknown}


   Skills:
 + Level 2.6 Fighting
 + Level 2.4 Maces & Flails
 + Level 3.0 Dodging
 + Level 3.1 Shields


You had 2 spell levels left.
You didn't know any spells.
Your spell library contained the following spells:

 Spells                   Type           Power      Damage    Failure   Level
 Apportation              Tloc           0%         N/A       65%         1
 Summon Small Mammal      Summ           0%         N/A       65%         1
 Call Canine Familiar     Summ           0%         N/A       95%         3
 Summon Guardian Golem    Hex/Summ       0%         N/A       95%         3


Dungeon Overview and Level Annotations

Branches:
Dungeon (3/15)              Sewer (visited)

Altars:

Annotations:
D:2 Sigmund
D:3 Pargi


Innate Abilities, Weirdness & Mutations

You are too large for most types of armour.
You have claws for hands.
Your natural rate of healing is unusually fast.
You are covered in fur. (AC +1)
You have tough skin. (AC +1)


Message History

Pargi claws you but does no damage. Pargi claws you.
There is a gate leading back out of this place here.
Pargi closely misses you. Pargi barely misses you. x2
Welcome back to the Dungeon!
The endoplasm freezes you.
You are frozen.
There is a collapsed entrance here.
You can't go up here!
You can't go down here!
You sock the endoplasm!
You kill the endoplasm!
You block Pargi's attack. Pargi claws you but does no damage.
Pargi barely misses you.
You miss Pargi. Pargi barely misses you. Pargi claws you but does no damage. x2
You block Pargi's attack. Pargi misses you. Pargi claws you.
You completely miss Pargi. Pargi bites you.
* * * LOW HITPOINT WARNING * * *
You block Pargi's attack. x2
You thump Pargi!
Pargi is moderately wounded.
You block Pargi's attack. Pargi claws you.
* * * LOW HITPOINT WARNING * * *
You block Pargi's attack.
Pargi looks around nervously.
Pargi bites you.
* * * LOW HITPOINT WARNING * * *
Pargi claws you.
* * * LOW HITPOINT WARNING * * *
Pargi claws you.
* * * LOW HITPOINT WARNING * * *
Pargi hisses menacingly.
You enter the shallow water.
Moving in this stuff is going to be slow.
Found a scale mail.
Pargi attacks as you move away! Pargi closely misses you. Pargi claws you.
* * * LOW HITPOINT WARNING * * *
Pargi claws you but does no damage.
Pargi clenches his teeth.
Pargi bites you!
You die...

... ... ... #.#
.. ##.#####.#
#.........
#.####.......#
#.[....@.....##
...##~~T~~##...
...##~~~≈~##....
...≈≈.....~~.#.#
...~~.....~~...#
.#.~≈.....~~..#
...~~...~.~~~##
.#.≈~...†.~~.#
#.##~~.~≈##.#


You could see Pargi.

Vanquished Creatures
  2 adders (D:2)
  A worm (D:3)
  4 endoplasms
  A giant cockroach (D:2)
  A goblin (D:1)
  3 hobgoblins
  A quokka (D:1)
  4 ball pythons
  6 bats
  2 frilled lizards (D:1)
  6 kobolds
  3 rats (D:1)
34 creatures vanquished.

Notes
Turn   | Place    | Note
-------+----------+-------------------------------------------
     0 | D:1      | Earthwalker the Troll Fighter began the quest for the Orb.
     0 | D:1      | Reached XP level 1. HP: 22/22 MP: 0/0
   187 | D:1      | Reached XP level 2. HP: 27/29 MP: 1/1
   976 | D:2      | Reached XP level 3. HP: 32/36 MP: 2/2
  1014 | D:2      | Noticed Sigmund
  1635 | D:3      | Found a glowing drain.
  1655 | Sewer    | Entered a sewer
  1685 | Sewer    | Got the Compilation of Elliptic Summoning
  1782 | Sewer    | Noticed Pargi
  1817 | D:3      | Slain by Pargi

Illustrated notes

Levels and vault maps discovered:
D:1:      shiori_arrival_elements, layout_basic,
          nicolae_concentric_dashed_squares_mild, minmay_pentomino_w2
D:2:      layout_loops_ring, uniq_sigmund
D:3:      layout_loops_cross, cheibrodos_sewer_entry_sluice

Skill      XL: |  1  2  3 |
---------------+----------+-----
Shields        | 3 |  3.1
Maces & Flails | 2 |  2.4
Dodging        | 3 |  3.0
Fighting       | |  2.6

Action                   || total
-------------------------++-------
Melee: Flail             ||   133
  Use: Scroll            ||     2
       Potion            ||     1
 Stab: Sleeping          ||     2
Armor: Robe              ||    84
Dodge: Dodged            ||    91
Block: Kite shield       ||    86
